 Dungeon Crawl Stone Soup version 0.30-a0-576-g89cddaab80 (webtiles) character file.

Game seed: 7919954166190699510

224006 wormed the Imperceptible (level 18, -12/99 HPs)
             Began as a Spriggan Hunter on Dec 30, 2022.
             Was the Champion of Okawaru.
             Mangled by a spriggan berserker
             ... wielding a +0 war axe
              (22 damage)
             ... on level 4 of the Swamp.
             The game lasted 01:22:51 (35887 turns).

wormed the Imperceptible (Spriggan Hunter)         Turns: 35887, Time: 01:22:51

Health: -12/99     AC:  6    Str:  9    XL:     18   Next: 57%
Magic:  0/35       EV: 38    Int: 17    God:    Okawaru [******]
Gold:   3771       SH:  0    Dex: 24    Spells: 31/41 levels left

rFire   + + +      SeeInvis +    d - +7 arbalest (flame)
rCold   + + .      Faith    .    (shield currently unavailable)
rNeg    . . .      Spirit   +    h - +2 robe {rC+ rF+}
rPois   +          Reflect  .    Q - +1 hat of Honour {+Blink Regen+ Int+4 Slay+2}
rElec   .          Harm     .    Z - +0 cloak {rPois}
rCorr   .          Rampage  .    (gloves unavailable)
Will    ++++.                    (boots unavailable)
Stlth   +++++++++                J - amulet "Gokkewarr" {Spirit Drain Fly rF+++ Str+2}
HPRegen 1.16/turn                V - ring of willpower
MPRegen 0.24/turn                Y - ring "Haipocon" {Wiz rC+}

@: flying, studying 3 skills, very quick
A: very small, no large weapons, unfitting armour, see invisible, speed 3
}: 1/15 runes: gossamer
a: Renounce Religion, Evoke Blink, Heroism, Finesse, Duel


You were on level 4 of the Swamp.
You worshipped Okawaru.
Okawaru was exalted by your worship.
You visited 6 branches of the dungeon, and saw 31 of its levels.
You also visited: Bailey, Gauntlet and Ice Cave.

You collected 4409 gold pieces.
You spent 638 gold pieces at shops.

Inventory:

Hand Weapons
 d - a +7 arbalest of flaming (weapon)
Missiles
 e - 3 throwing nets
Armour
 h - a +2 robe of resistance (worn)
 D - the +1 buckler of the Distant Future {+Blink rPois Will+ Str+3}
   (You found it on level 2 of the Spider Nest)

   Str:       It affects your strength (+3).
   rPois:     It protects you from poison.
   +Blink:    It lets you blink.
   Will:      It increases your willpower.
 H - the +0 buckler of the Sturgeon {rElec rF+ rC+}
   (You acquired it on level 4 of the Lair of Beasts)

   rF:        It protects you from fire.
   rC:        It protects you from cold.
   rElec:     It insulates you from electricity.
 Q - the +1 hat of Honour (worn) {+Blink Regen+ Int+4 Slay+2}
   (You found it on level 5 of the Lair of Beasts)

   Int:       It affects your intelligence (+4).
   Slay:      It affects your accuracy & damage with ranged weapons and melee
   (+2).
   +Blink:    It lets you blink.
   Regen:     It increases your rate of health regeneration.
 Z - a +0 cloak of poison resistance (worn)
Jewellery
 c - a +5 ring of evasion
 J - the amulet "Gokkewarr" (around neck) {Spirit Drain Fly rF+++ Str+2}
   (You found it on level 4 of the Spider Nest)

   [amulet of guardian spirit]

   It causes incoming damage to be divided between your reserves of health and
   magic.
   Str:       It affects your strength (+2).
   rF:        It renders you almost immune to fire.
   Fly:       It grants you flight.
   Drain:     It drains your maximum health when unequipped.
 V - a ring of willpower (left hand)
 X - a ring of protection from cold
 Y - the ring "Haipocon" (right hand) {Wiz rC+}
   (You found it on level 2 of the Orcish Mines)

   [ring of wizardry]

   It improves your spell success rate.
   rC:        It protects you from cold.
Wands
 s - a wand of paralysis (16)
 w - a wand of iceblast (42)
 F - a wand of flame (32)
 G - a wand of mindburst (17)
 I - a wand of light (9)
 L - a wand of digging (17)
 S - a wand of polymorph (10)
Scrolls
 b - 5 scrolls of immolation
 i - 9 scrolls of fog
 k - 6 scrolls of amnesia
 l - 6 scrolls of magic mapping
 n - 4 scrolls of blinking
 o - a scroll of enchant weapon
 p - 4 scrolls of enchant armour
 u - 3 scrolls of torment
 v - 8 scrolls of vulnerability
 y - 5 scrolls of poison
 A - 4 scrolls of fear
 C - 18 scrolls of teleportation
 E - 5 scrolls of silence
 M - 6 scrolls of brand weapon
Potions
 a - 4 potions of heal wounds
 f - a potion of magic
 g - 10 potions of brilliance
 j - 3 potions of invisibility
 m - 10 potions of mutation
 q - 8 potions of attraction
 r - 3 potions of berserk rage
 t - 9 potions of haste
 x - 3 potions of cancellation
 B - 5 potions of lignification
 K - 9 potions of curing
 N - 8 potions of flight
 O - 6 potions of might
 T - 2 potions of resistance
 U - 4 potions of ambrosia
Miscellaneous
 W - a tin of tremorstones (2/2)


   Skills:
 + Level 12.8 Fighting
 * Level 17.1 Ranged Weapons
 + Level 19.2 Dodging
 + Level 22.2 Stealth
 - Level 12.0 Spellcasting
 - Level 12.0 Translocations
 - Level 12.0 Invocations
 - Level 12.0 Evocations


You had 31 spell levels left.
You knew the following spells:

 Your Spells              Type           Power      Damage    Failure   Level
a - Dispersal             Tloc           25%        N/A       3%          6
b - Passage of Golubria   Tloc           50%        N/A       1%          4

Your spell library contained the following spells:

 Spells                   Type           Power      Damage    Failure   Level
 Gell's Gravitas          Tloc           50%        N/A       1%          3
 Lesser Beckoning         Tloc           100%       N/A       1%          3
 Teleport Other           Tloc           50%        N/A       1%          3
 Vhi's Electric Charge    Tloc/Air       60%        N/A       1%          3
 Foxfire                  Conj/Fire      40%        2x1d6     2%          1
 Freeze                   Ice            40%        1d6       2%          1
 Magic Dart               Conj           40%        1d5       2%          1
 Shock                    Conj/Air       40%        1d5       2%          1
 Passwall                 Tmut/Erth      8%         N/A       4%          2
 Scorch                   Fire           20%        2d6       4%          2
 Searing Ray              Conj           20%        2d5       4%          2
 Static Discharge         Conj/Air       20%        2-3/arc   4%          2
 Frozen Ramparts          Ice            20%        1d4       9%          3
 Hailstorm                Conj/Ice       10%        3d5       9%          3
 Ozocubu's Armour         Ice            10%        N/A       9%          3
 Stone Arrow              Conj/Erth      20%        3d8       9%          3
 Swiftness                Air            10%        N/A       9%          3
 Airstrike                Air            5%         2d(1-17)  26%         4
 Flame Wave               Conj/Fire      10%        2d6       26%         4
 Fulminant Prism          Conj/Hex       5%         3d7       26%         4
 Ice Form                 Ice/Tmut       10%        N/A       26%         4
 Leda's Liquefaction      Hex/Erth       5%         N/A       26%         4
 Arcjolt                  Conj/Air       5%         1d15      56%         5
 Fireball                 Conj/Fire      5%         3d5       56%         5
 Freezing Cloud           Conj/Ice/Air   5%         6-21      56%         5
 Iskenderun's Battlesphe  Conj           10%        2d6       56%         5
 Lightning Bolt           Conj/Air       5%         1d17      56%         5
 Metabolic Englaciation   Hex/Ice        5%         N/A       56%         5
 Silence                  Hex/Air        5%         N/A       56%         5
 Conjure Ball Lightning   Conj/Air       5%         3x3d6     98%         6
 Starburst                Conj/Fire      5%         6d4       98%         6
 Orb of Destruction       Conj           5%         9d5       100%        7
 Lehudib's Crystal Spear  Conj/Erth      5%         10d3      100%        8
 Summon Small Mammal      Summ           Unusable   N/A       N/A         1
 Call Canine Familiar     Summ           Unusable   N/A       N/A         3
 Summon Guardian Golem    Hex/Summ       Unusable   N/A       N/A         3
 Animate Armour           Summ/Erth      Unusable   N/A       N/A         4
 Summon Lightning Spire   Summ/Air       Unusable   N/A       N/A         4
 Simulacrum               Ice/Necr       Unusable   N/A       N/A         6
 Summon Cactus Giant      Summ           Unusable   N/A       N/A         6

Dungeon Overview and Level Annotations

Branches:
Dungeon (15/15)            Temple (1/1) D:7            Lair (5/5) D:11
  Swamp (4/4) Lair:3       Spider (4/4) Lair:3        Slime (0/5) Lair:5
    Orc (2/2) D:12            Elf (0/3) Orc:2        Vaults (0/5) D:13
 Depths (0/4) D:15         Bailey (visited)           IceCv (visited)
Gauntlet (visited)

Altars:
Ashenzari
Cheibriados
Dithmenos
Elyvilon
Fedhas
Gozag
Hepliaklqana
Kikubaaqudgha
Makhleb
Nemelex Xobeh
Okawaru
Qazlal
Ru
Sif Muna
Trog
Uskayaw
Vehumet
Wu Jian
Xom
Yredelemnul
Zin
The Shining One
Jiyva

Shops:
D:2 :   D:5 *   D:8 [[   D:10 ?   D:12 !   Orc:2 ?**[:

Annotations:
D:9 1 runed translucent door


Innate Abilities, Weirdness & Mutations

You are very small and have problems with some larger weapons.
You are too small for most types of armour.
You have supernaturally acute eyesight. (SInv)
You cover ground extremely quickly. (Speed+++)


Message History

You hear a trumpeting!
The spriggan berserker completely misses you.
You shoot a bolt. The bolt hits the thorn hunter!!
The bolt burns the thorn hunter!
The thorn hunter is severely damaged.
The thorn hunter completely misses you. The thorn hunter misses you.
The spriggan berserker closely misses you.
You shoot a bolt. The bolt hits the thorn hunter.
The bolt burns the thorn hunter.
The thorn hunter is almost destroyed.
The spriggan berserker completely misses you.
The thorn hunter fires a volley of thorns at you.
The volley of thorns hits you.
The spriggan berserker completely misses you.
You shoot a bolt. The bolt hits the thorn hunter!
The bolt burns the thorn hunter.
The thorn hunter is almost destroyed.
The thorn hunter closely misses you. The thorn hunter hits you!
The spriggan berserker hits you with a +0 war axe!!
The thorn hunter fires a volley of thorns at you.
The volley of thorns misses you. The bog body closely misses you.
You are too injured to fight recklessly!
You are too injured to fight recklessly!
The spriggan berserker completely misses you.
An eight-headed hydra comes into view.
The eight-headed hydra roars!
The thorn hunter gestures.
Thorny briars emerge from the ground!
Found a spear and 9 stones.
The thorn hunter fires a volley of thorns at you.
The volley of thorns hits you!!
* * * LOW HITPOINT WARNING * * *
The bog body gestures at you while chanting.
The bolt of cold misses you.
The spriggan berserker attacks as you move away!
The spriggan berserker hits you with a +0 war axe!
* * * LOW HITPOINT WARNING * * *
Found a scroll of identify.
The spriggan berserker hits you with a +0 war axe!!
You die...

♣..~~~~~..~~~~♣ ###
♣. ♣♣♣.~~~~§~...♣♣
#.?..~# ♣♣
♣♣.~~~~~.~..♣♣##≈~
≈≈~# ♣♣
♣♣~.~~~~~~~.♣.♣#≈..
##≈.## ♣.
♣~♣♣♣♣♣♣♣~♣♣♣♣♣#P.#
#~##≈P## ♣♣. ..♣
♣♣♣.~♣
#P.♣#D.≈##§~###♣..
.♣♣ ♣~.~~♣
#§.~~.~~(#...PP†..
♣♣ ♣♣~~)♣
#~≈.§~~§(#...PP†.)
♣♣ ♣♣♣♣♣
#@~....§)#~i~PP..~
.♣♣
#i.##~.≈##.≈###♣..
~~♣♣ #°f### ##..##
♣.† ~~.♣ ♣♣♣
#§n.~###~.## ♣~.
~)~♣
♣♣♣~♣♣##n..≈≈≈†##
♣♣. ~§~♣♣♣♣♣♣♣.§§~♣
##.††[.## ♣♣
[..~...♣♣.~~~♣♣
#.#####
♣..♣~...♣..~~~♣♣
#~. ♣♣
♣♣♣♣♣~~~~~§~~~~♣
#.~. ♣.


You could see a thorn hunter, an eight-headed hydra, a spriggan berserker
(berserk) and 2 bog bodies.

Vanquished Creatures
  Mara (Swamp:3)
  Nikola (Spider:1)
  A tentacled monstrosity (Swamp:4)
  Jorgrun (D:15)
  2 fenstrider witches
  The ghost of Jomugh the Phalangite, an adept MfHs of Okawaru (Spider:4)
  4 ghost moths
  The ghost of Haunul the Devastator, an adept GrCj of Vehumet (Spider:4)
  The ghost of Jisiz the Brawler, a journeyman TrBe of Trog (Spider:4)
  10 emperor scorpions
  Aizul (Swamp:4)
  2 orc warlords (Orc:2)
  2 broodmothers
  The ghost of Jackthecabe the Fencer, a journeyman TeAE of Vehumet (Orc:2)
  Nessos (D:15)
  3 eleionomae
  A spark wasp (Spider:2)
  2 bunyips
  A minotaur (Gauntlet)
  The ghost of bobo the Eclecticist, a journeyman DEFE of Vehumet (Lair:5)
  A fire dragon (Lair:5)
  2 shambling mangroves
  2 ogre magi
  3 entropy weavers
  7 vault guards
  23 hydras
  Harold (D:11)
  A rakshasa (D:13)
  A jorogumo (Spider:1)
  An anaconda (Swamp:1)
  8 boulder beetles
  3 catoblepae
  2 ghost crabs
  15 two-headed ogres
  4 radroaches
  A dancing weapon (Lair:5)
  3 centaur warriors
  12 alligators
  Urug (D:10)
  4 death yaks (Lair:2)
  3 orc high priests (Orc:2)
  A fire crab (Lair:5)
  3 sun moths
  3 skeletal warriors
  5 spriggan druids
  4 steelbarb worms
  A spark wasp zombie (D:15)
  2 goliath frogs
  3 pharaoh ants
  12 orb spiders
  2 wizards
  17 swamp dragons
  A flayed ghost (D:15)
  4 bog bodies
  An oklob plant (Lair:5)
  8 orc knights
  2 necromancers
  10 deep elf pyromancers
  9 ugly things
  6 orc sorcerers (Orc:2)
  24 wolf spiders
  2 large abominations (Gauntlet)
  8 will-o-the-wisps
  4 cyclopes (D:13)
  4 manticores
  Maurice (Orc:1)
  An ice statue (IceCv)
  A water nymph (shapeshifter) (D:15)
  4 torpor snails
  3 black mambas (Lair:5)
  A stone giant skeleton (D:15)
  2 molten gargoyles (Lair:5)
  3 unseen horrors
  4 demonic crawlers
  2 spriggan zombies (D:15)
  11 cane toads
  2 gargoyles
  5 rime drakes
  2 yaktaurs (D:13)
  Psyche (D:11)
  An anaconda simulacrum (IceCv)
  2 efreet
  A tengu conjurer (D:13)
  12 ice devils (IceCv)
  5 freezing wraiths
  15 komodo dragons
  5 trolls
  9 hornets
  6 tyrant leeches
  15 tarantellas
  3 polar bears
  A wolf spider simulacrum (D:14)
  A queen bee (shapeshifter) (D:13)
  The ghost of Heh the Trooper, an amateur OpFi of Okawaru (D:4)
  3 blink frogs (Lair:5)
  Prince Ribbit (Bailey)
  18 slime creatures
  5 dream sheep (Lair:5)
  A ynoxinul (Gauntlet)
  22 jumping spiders
  25 culicivoras
  4 shadows
  A vampire (D:12)
  7 spriggans
  3 wraiths
  62 yaks
  5 water elementals (D:15)
  9 wyverns
  2 humans
  Grum (D:8)
  12 basilisks
  22 vampire mosquitoes
  5 steam dragons
  47 redbacks
  3 death yak simulacra (IceCv)
  A warg (Orc:2)
  An acid dragon (D:9)
  3 harpy simulacra (IceCv)
  19 swamp worms
  10 water moccasins
  2 hydra simulacra (IceCv)
  3 hell hounds
  9 swamp drakes
  31 orc warriors
  4 ice beasts
  3 sky beasts (D:7)
  12 ogres
  6 wolves
  10 centaurs
  4 phantoms
  3 kobold brigands
  20 bullfrogs
  6 necrophages
  2 scorpions (D:6)
  5 cane toad simulacra (IceCv)
  10 wights
  5 small abominations (Gauntlet)
  A hornet simulacrum (D:15)
  A troll zombie (D:12)
  6 elephant simulacra (IceCv)
  6 killer bees
  12 howler monkeys
  3 electric eels
  7 lava snakes
  9 jellies
  6 hounds
  A gnoll bouda (D:9)
  21 orc priests
  3 iron imps (Gauntlet)
  5 iguanas
  26 orc wizards
  A spriggan simulacrum (IceCv)
  4 polar bear simulacra (IceCv)
  A troll simulacrum (IceCv)
  2 wolf simulacra (IceCv)
  5 ogre zombies (D:12)
  Robin (D:3)
  7 gnolls
  7 adders
  3 shadow imps (D:7)
  4 white imps
  2 ufetubi (IceCv)
  3 worms
  3 dart slugs
  91 orcs
  5 ball pythons
  4 endoplasms
  21 goblins
  8 hobgoblins
  9 jackals (D:1)
  2 quokkas
  7 bats
  2 frilled lizards
  3 goblin zombies (D:12)
  5 hobgoblin zombies (D:12)
  12 kobolds
  5 orc skeletons (D:12)
  6 orc zombies (D:12)
1149 creatures vanquished.

Vanquished Creatures (others)
  A bloated husk (Swamp:4)
  3 vampire mosquitoes (Swamp:4)
  A swamp worm (Swamp:4)
  An orc wizard (D:9)
  3 bushes (Lair:5)
  19 foxfires
  27 fungi
  31 plants
  3 toadstools (D:9)
  13 withered plants
102 creatures vanquished.

Grand Total: 1251 creatures vanquished

Notes
Turn   | Place    | Note
-------+----------+-------------------------------------------
     0 | D:1      | wormed the Spriggan Hunter began the quest for the Orb.
     0 | D:1      | Reached XP level 1. HP: 10/10 MP: 2/2
    88 | D:1      | Reached skill level 2 in Stealth
    92 | D:1      | Reached XP level 2. HP: 15/15 MP: 3/3
   446 | D:1      | Reached XP level 3. HP: 18/18 MP: 4/4
   665 | D:1      | Found a stormy altar of Qazlal.
   977 | D:2      | Found Izoluut's Book Shoppe.
  1387 | D:3      | Reached skill level 3 in Stealth
  1401 | D:3      | Found a radiant altar of Vehumet.
  1453 | D:3      | Reached XP level 4. HP: 23/23 MP: 5/5
  1531 | D:3      | Reached skill level 5 in Ranged Weapons
  1814 | D:3      | Reached XP level 5. HP: 27/27 MP: 6/6
  1847 | D:3      | Noticed Robin
  1859 | D:3      | Killed Robin
  2073 | D:4      | Noticed an ogre
  2226 | D:4      | Reached skill level 4 in Stealth
  2251 | D:4      | Reached XP level 6. HP: 25/32 MP: 7/7
  2285 | D:4      | Found a runed translucent door.
  2321 | D:4      | Noticed Heh's ghost (amateur OpFi)
  2421 | D:4      | Killed Heh's ghost
  2422 | D:4      | Reached skill level 5 in Dodging
  2422 | D:4      | Reached skill level 5 in Stealth
  2422 | D:4      | Reached XP level 7. HP: 20/36 MP: 8/8
  2719 | D:4      | Found a bloodstained altar of Trog.
  2840 | D:5      | Entered Level 5 of the Dungeon
  3173 | D:5      | Reached skill level 6 in Stealth
  3209 | D:5      | You fall into a shaft and drop 3 floors!
  3368 | D:8      | Noticed a troll
  3372 | D:8      | Found a basalt altar of Yredelemnul.
  3391 | D:8      | Noticed Grum
  3460 | D:7      | Reached XP level 8. HP: 42/42 MP: 9/9
  3598 | D:6      | Reached skill level 7 in Stealth
  3638 | D:5      | Found Maell's Assorted Antiques.
  3645 | D:5      | Bought a smoky dark potion for 23 gold pieces
  3645 | D:5      | Bought a fuming green potion for 23 gold pieces
  3645 | D:5      | Bought a scroll labelled SOR RETEARGHA for 26 gold pieces
  3645 | D:5      | Bought a scroll labelled KOATEL YTWEI for 26 gold pieces
  4846 | D:6      | Reached skill level 8 in Stealth
  4989 | D:6      | Found an opulent altar of Gozag.
  5020 | D:6      | Reached XP level 9. HP: 46/46 MP: 10/10
  5400 | D:7      | Found a staircase to the Ecumenical Temple.
  5611 | D:7      | Found a burning altar of Makhleb.
  5617 | D:7      | Reached skill level 5 in Fighting
  5617 | D:7      | Reached skill level 9 in Stealth
  5778 | D:7      | Noticed a two-headed ogre
  5779 | D:7      | Noticed a manticore
  5779 | D:7      | Noticed a troll
  5938 | Temple   | Entered the Ecumenical Temple
  5993 | Temple   | Became a worshipper of Warmaster Okawaru
  6202 | D:6      | Killed a troll
  6484 | D:7      | Reached skill level 10 in Ranged Weapons
  6484 | D:7      | Reached skill level 10 in Stealth
  6585 | D:7      | Reached XP level 10. HP: 51/51 MP: 11/11
  6620 | D:7      | Killed a manticore
  6620 | D:7      | Reached * piety under Okawaru
  6967 | D:7      | Killed a two-headed ogre
  7043 | D:8      | Noticed a two-headed ogre
  7085 | D:7      | Killed a two-headed ogre
  7085 | D:7      | Reached ** piety under Okawaru
  7220 | D:8      | Reached skill level 11 in Stealth
  7251 | D:8      | Killed Grum
  7338 | D:8      | Found Gabloent's Armour Shoppe.
  7447 | D:8      | Found Nean Fig's Armour Shop.
  7624 | D:8      | Found a sparkling altar of Nemelex Xobeh.
  7624 | D:8      | Found an ornate altar of the Wu Jian Council.
  7878 | D:9      | Reached *** piety under Okawaru
  7891 | D:9      | Reached skill level 10 in Dodging
  8064 | D:9      | Found a runed translucent door.
  8383 | D:9      | Found a runed translucent door.
  8671 | D:9      | Noticed a two-headed ogre
  8686 | D:9      | Reached XP level 11. HP: 55/58 MP: 12/12
  8710 | D:9      | Killed a two-headed ogre
  8710 | D:9      | Reached **** piety under Okawaru
  8711 | D:9      | Reached skill level 12 in Stealth
  8772 | D:9      | Noticed a two-headed ogre
  8813 | D:9      | Killed a two-headed ogre
  8822 | D:9      | Reached ***** piety under Okawaru
  8883 | D:9      | Noticed a skeletal warrior
  8940 | D:9      | Killed a skeletal warrior
  9098 | D:10     | Entered Level 10 of the Dungeon
  9123 | D:10     | Found an ancient bone altar of Kikubaaqudgha.
  9147 | D:10     | Noticed a boulder beetle
  9258 | D:10     | Killed a boulder beetle
  9357 | D:10     | Found a glowing golden altar of the Shining One.
  9357 | D:10     | Noticed Urug
  9385 | D:10     | Killed Urug
  9385 | D:10     | Received a gift from Okawaru
  9386 | D:10     | Reached skill level 13 in Stealth
  9490 | D:10     | Found Mubur's Magic Scroll Shoppe.
  9495 | D:10     | Bought a scroll of fear for 40 gold pieces
  9495 | D:10     | Bought a scroll of noise for 10 gold pieces
  9495 | D:10     | Bought a scroll of identify for 20 gold pieces
  9495 | D:10     | Bought a scroll of blinking for 75 gold pieces
  9495 | D:10     | Bought a scroll of identify for 20 gold pieces
  9664 | D:10     | Found a flagged portal.
  9678 | Bailey   | Entered a bailey
  9760 | Bailey   | Noticed Prince Ribbit
  9762 | Bailey   | Noticed a vault guard
  9808 | Bailey   | Killed Prince Ribbit
  9901 | Bailey   | Noticed a vault guard
  9955 | Bailey   | Killed a vault guard
 10066 | Bailey   | Killed a vault guard
 10067 | Bailey   | Reached XP level 12. HP: 63/63 MP: 13/13
 10236 | D:10     | Bought a scroll of enchant weapon for 75 gold pieces
 10381 | D:11     | Noticed Harold
 10415 | D:11     | Killed Harold
 10550 | D:11     | Noticed Psyche
 10552 | D:11     | Reached ****** piety under Okawaru
 10576 | D:11     | Killed Psyche
 10697 | D:11     | Noticed a two-headed ogre
 10739 | D:11     | Killed a two-headed ogre
 10739 | D:11     | Received a gift from Okawaru
 10740 | D:11     | Reached skill level 14 in Stealth
 10770 | D:11     | Found a staircase to the Lair.
 11027 | Lair:1   | Entered Level 1 of the Lair of Beasts
 11879 | Lair:2   | Noticed a death yak
 11882 | Lair:2   | Noticed a death yak
 11884 | Lair:2   | Noticed a death yak
 11920 | Lair:2   | Killed a death yak
 11920 | Lair:2   | Received a gift from Okawaru
 11944 | Lair:2   | Noticed a death yak
 12048 | Lair:2   | Killed a death yak
 12070 | Lair:2   | Killed a death yak
 12109 | Lair:2   | Killed a death yak
 12128 | Lair:2   | Noticed a catoblepas
 12132 | Lair:2   | Killed a catoblepas
 12279 | Lair:2   | Reached skill level 15 in Stealth
 12425 | Lair:2   | Found a dark tunnel.
 12831 | Lair:3   | Noticed an eight-headed hydra
 12852 | Lair:3   | Killed an eight-headed hydra
 12852 | Lair:3   | Received a gift from Okawaru
 12942 | Lair:3   | Reached XP level 13. HP: 69/69 MP: 14/14
 13363 | Lair:3   | Found a staircase to the Swamp.
 13727 | Lair:3   | Found a hole to the Spider Nest.
 13792 | Lair:3   | Reached skill level 15 in Ranged Weapons
 14687 | Lair:4   | Identified 2 scrolls of acquirement
 14687 | Lair:4   | Acquired the +0 buckler of the Sturgeon {rElec rF+ rC+}
 14699 | Lair:4   | Acquired 826 gold pieces
 14729 | Lair:5   | Entered Level 5 of the Lair of Beasts
 14918 | Lair:5   | Reached skill level 16 in Stealth
 14942 | Lair:5   | Identified the +3 shortbow "Refroloi" {drain, Contam rPois
                  | rC++ Int+4} (Okawaru gifted it to you on level 5 of the
                  | Lair of Beasts)
 14942 | Lair:5   | Received a gift from Okawaru
 15225 | Lair:5   | Identified the +1 hat of Honour {+Blink Regen+ Int+4
                  | Slay+2}
 15293 | Lair:5   | Found a runed translucent door.
 15293 | Lair:5   | Found a shimmering altar of Xom.
 15293 | Lair:5   | Noticed bobo's ghost (journeyman DEFE)
 15356 | Lair:5   | Found a staircase to the Slime Pits.
 15371 | Lair:5   | Found a viscous altar of Jiyva.
 15451 | Lair:5   | Identified the +6 shortbow of the Destroying Coward
                  | {freeze, rElec rPois rF++ Str+4} (Okawaru gifted it to you
                  | on level 5 of the Lair of Beasts)
 15451 | Lair:5   | Received a gift from Okawaru
 15614 | Lair:5   | Reached skill level 1 in Evocations
 15642 | Lair:5   | Found a large runed translucent door.
 15645 | Lair:5   | Found a large runed translucent door.
 15647 | Lair:5   | Noticed a fire dragon
 15775 | Lair:5   | Reached XP level 14. HP: 75/75 MP: 15/15
 15795 | Lair:5   | Reached skill level 1 in Invocations
 16507 | Lair:5   | Killed bobo's ghost
 16508 | Lair:5   | Reached skill level 17 in Stealth
 16823 | D:12     | Found a staircase to the Orcish Mines.
 17123 | D:12     | Identified the +1 hat "Acloneck" {-Cast Str+2 Stlth+}
                  | (Okawaru gifted it to you on level 12 of the Dungeon)
 17123 | D:12     | Received a gift from Okawaru
 17152 | D:12     | Found Osmyges's Distillery.
 17535 | D:12     | Reached skill level 5 in Evocations
 17887 | Orc:1    | Entered Level 1 of the Orcish Mines
 18067 | D:13     | Reached skill level 15 in Dodging
 18179 | D:13     | Reached skill level 10 in Fighting
 18331 | D:13     | Reached skill level 5 in Invocations
 18509 | D:13     | Identified the +7 glaive "Ketzauch" {antimagic, Dex+3}
 18585 | D:13     | Received a gift from Okawaru
 18883 | D:13     | Found a gate to the Vaults.
 19007 | D:13     | Got the Codex of Frore Geology
 19374 | D:14     | Found an opulent altar of Gozag.
 19385 | D:14     | Reached XP level 15. HP: 47/80 MP: 20/20
 19403 | D:14     | Reached skill level 18 in Stealth
 19450 | D:14     | Found a gate leading to a gauntlet.
 19465 | Gauntlet | Entered a Gauntlet
 19465 | Gauntlet | Found a transporter.
 19474 | Gauntlet | Acquired a manual of Invocations
 19482 | Gauntlet | Found a transporter.
 19485 | Gauntlet | Found a transporter.
 19486 | Gauntlet | Found a transporter.
 19494 | Gauntlet | Found a transporter.
 19497 | Gauntlet | Found a transporter.
 19498 | Gauntlet | Found a transporter.
 19510 | Gauntlet | Found a transporter.
 19511 | Gauntlet | Found a transporter.
 19515 | Gauntlet | Found a transporter.
 19523 | Gauntlet | Found a transporter.
 19523 | Gauntlet | Found a transporter.
 19524 | Gauntlet | Found a transporter.
 19533 | Gauntlet | Found a transporter.
 19851 | D:14     | Received a gift from Okawaru
 20300 | D:15     | Entered Level 15 of the Dungeon
 20337 | D:15     | Noticed Jorgrun
 20613 | D:15     | Noticed Nessos
 20625 | D:15     | Killed Nessos
 20744 | D:15     | Found an iron altar of Okawaru.
 20892 | D:15     | Killed Jorgrun
 20894 | D:15     | Identified the +2 hat "Gafukhlubi" {rElec rF+ Str+4}
                  | (Okawaru gifted it to you on level 15 of the Dungeon)
 20894 | D:15     | Received a gift from Okawaru
 20986 | D:15     | Reached skill level 10 in Invocations
 21147 | D:15     | HP: 2/81 [enormous slime creature (15)]
 21226 | D:15     | Found a staircase to the Depths.
 21526 | Orc:1    | Noticed Maurice
 21535 | Orc:1    | Killed Maurice
 21790 | Orc:1    | Reached skill level 19 in Stealth
 22001 | Orc:2    | Entered Level 2 of the Orcish Mines
 22177 | Orc:2    | Found a frozen archway.
 22222 | IceCv    | Entered an ice cave
 22453 | IceCv    | Found an ancient bone altar of Kikubaaqudgha.
 22623 | IceCv    | Reached XP level 16. HP: 54/87 MP: 25/25
 23038 | Orc:2    | Found a staircase to the Elven Halls.
 23180 | Orc:2    | Reached skill level 10 in Evocations
 23254 | Orc:2    | Identified the +2 animal skin of the Midnight Sun {rC+
                  | Str+3 Int-5} (Okawaru gifted it to you on level 2 of the
                  | Orcish Mines)
 23254 | Orc:2    | Received a gift from Okawaru
 23316 | Orc:2    | Found a large runed translucent door.
 23316 | Orc:2    | Found a large runed translucent door.
 23335 | Orc:2    | Noticed Jackthecabe's ghost (journeyman TeAE)
 23493 | Orc:2    | Found Qijeluq's Armour Shoppe.
 23866 | Orc:2    | Found Colot's Magic Scroll Emporium.
 23875 | Orc:2    | Found Egaurph's Assorted Antiques.
 23882 | Orc:2    | Found Vyvog's Assorted Antiques.
 23884 | Orc:2    | Found Adealonu's Book Emporium.
 23893 | Orc:2    | Bought a There-And-Back Book for 300 gold pieces
 23900 | Orc:2    | Learned a level 6 spell: Dispersal
 24164 | Orc:2    | Identified the ring "Haipocon" {Wiz rC+}
 24227 | Orc:2    | Killed Jackthecabe's ghost
 24439 | Spider:1 | Entered Level 1 of the Spider Nest
 24529 | Spider:1 | Acquired a manual of Evocations
 24724 | Spider:1 | Identified the +1 pair of gloves of the Hart {+Inv}
 24724 | Spider:1 | Noticed Nikola
 24809 | Spider:1 | Killed Nikola
 24877 | Spider:1 | Identified the +2 quarterstaff of the Cup {antimagic, Will+
                  | SInv}
 24943 | Spider:1 | Reached skill level 20 in Stealth
 25244 | Spider:1 | Identified the +1 robe of Muzuoten {Int+7} (Okawaru gifted
                  | it to you on level 1 of the Spider Nest)
 25244 | Spider:1 | Received a gift from Okawaru
 25512 | Spider:1 | Reached skill level 1 in Translocations
 25540 | Spider:1 | Reached skill level 1 in Spellcasting
 26078 | Spider:2 | Identified the +1 buckler of the Distant Future {+Blink
                  | rPois Will+ Str+3}
 26459 | Spider:3 | Acquired a manual of Spellcasting
 26833 | Spider:3 | Reached skill level 5 in Translocations
 26875 | Spider:3 | Reached skill level 5 in Spellcasting
 27187 | Spider:4 | Entered Level 4 of the Spider Nest
 27656 | Spider:4 | Reached XP level 17. HP: 93/93 MP: 27/27
 28652 | Spider:4 | Received a gift from Okawaru
 28720 | Spider:4 | Identified the amulet "Gokkewarr" {Spirit Drain Fly rF+++
                  | Str+2}
 29079 | Spider:4 | Received a gift from Okawaru
 29079 | Spider:4 | Found the +3 crown of Dyrovepreva {rElec Int+2 SInv}
 29114 | Spider:4 | Reached skill level 21 in Stealth
 29335 | Spider:4 | Found a runed translucent gate.
 29336 | Spider:4 | Found a runed translucent gate.
 29336 | Spider:4 | Found a runed translucent gate.
 29337 | Spider:4 | Noticed Jomugh's ghost (adept MfHs)
 29337 | Spider:4 | Noticed Jisiz's ghost (journeyman TrBe)
 29339 | Spider:4 | Noticed Haunul's ghost (adept GrCj)
 30375 | Spider:4 | Reached skill level 10 in Spellcasting
 30576 | Spider:4 | Got a gossamer rune of Zot
 31278 | Spider:4 | Killed Jomugh's ghost
 31388 | Spider:4 | Killed Jisiz's ghost
 31404 | Spider:4 | Killed Haunul's ghost
 31478 | Spider:4 | Identified the +0 sling "Ihippuenaf" {drain, +Blink rF+
                  | Str-5 Int+9}
 32062 | Swamp:1  | Entered Level 1 of the Swamp
 32395 | Swamp:1  | Reached skill level 10 in Translocations
 32654 | Swamp:1  | Received a gift from Okawaru
 33122 | Swamp:2  | Learned a level 4 spell: Passage of Golubria
 33364 | Swamp:3  | HP: 1/94 [spriggan rider/+0 spear (21)]
 33368 | Swamp:3  | Reached XP level 18. HP: 47/98 MP: 1/35
 33690 | Swamp:3  | Identified the +1 robe of the Several Stories {rC+ rCorr
                  | Str+4 Dex-3} (Okawaru gifted it to you on level 3 of the
                  | Swamp)
 33690 | Swamp:3  | Received a gift from Okawaru
 33839 | Swamp:3  | Noticed Mara
 33846 | Swamp:3  | Noticed wormed's illusion
 33937 | Swamp:3  | Noticed wormed's illusion
 34414 | Swamp:3  | Noticed wormed's illusion
 34506 | Swamp:3  | Noticed wormed's illusion
 34508 | Swamp:3  | Noticed wormed's illusion
 34512 | Swamp:3  | Killed Mara
 34614 | Swamp:4  | Entered Level 4 of the Swamp
 35313 | Swamp:4  | Noticed Aizul
 35321 | Swamp:4  | Killed Aizul
 35576 | Swamp:4  | Noticed a tentacled monstrosity
 35592 | Swamp:4  | Killed a tentacled monstrosity
 35633 | Swamp:4  | Reached skill level 22 in Stealth
 35862 | Swamp:4  | Received a gift from Okawaru
 35862 | Swamp:4  | Found the +3 warlock's mirror {reflect}
 35887 | Swamp:4  | Mangled by a spriggan berserker

Illustrated notes

Levels and vault maps discovered:
D:1:      dpeg_arrival_water_altar, layout_loops_ring
D:2:      layout_rooms, serial_shops, nicolae_shop_trees
D:3:      layout_basic, vehumet_crystals, st_stairs_5, uniq_robin
D:4:      layout_rooms, kennysheep_mini_moat, ebering_ghost_sewer_d
D:5:      layout_layer_cave, serial_shops, shop, st_stairs_11,
          grunt_ministairs_3
D:6:      layout_cave_pools, lemuel_doored_altar, kennysheep_generic_room_4
D:7:      nzn_winding_woodlands_three_and_one
          [nzn_winding_woodlands_5x15_crooked,
          nzn_winding_woodlands_5x15_default, nzn_winding_woodlands_5x15_zeroes,
          nzn_winding_woodlands_center_pierced_h], layout_basic,
          makhleb_blood_cavern_becter, minmay_temple_entry_wispy,
          serial_aquarium, aquarium_bridge_square [aquarium_subvault_window,
          aquarium_subvault_wall, aquarium_subvault_wall,
          aquarium_subvault_bridge], aquarium_bridge_straight
          [aquarium_subvault_bridge, aquarium_subvault_wall,
          aquarium_subvault_bridge, aquarium_subvault_window],
          aquarium_window_1, aquarium_window_corner, aquarium_window_2,
          aquarium_window_2, aquarium_view_2c, aquarium_view_2e,
          aquarium_balcony_3b, aquarium_pool_2
D:8:      layout_cave_pools, nicolae_overflow_two_pavilions,
          overflow_temple_1_default, serial_shops, nicolae_square_shop,
          nicolae_shop_stone, grunt_decor_clamped, hex_tiny, uniq_grum
D:9:      cheibrodos_histonic, layout_loops_ring, minmay_gold_behind_fungi,
          kennysheep_generic_room_8
D:10:     layout_basic, kiku_gazebo_pond_becter, pf_just_have_faith,
          enter_bailey_5, serial_shops, kennysheep_little_box,
          minmay_misc_feat_iff, uniq_urug
D:11:     layout_roguey, lair_entry_dummy, uniq_psyche, uniq_harold
D:12:     layout_long_grid, zombieorc1_lemuel, serial_shops,
          nicolae_shop_temple_entry_statues_fountains, pond
D:13:     layout_rooms, grunt_vaults_entry_fortified, minmay_pinched_square
D:14:     layout_roguey, serial_corexii_hall, corexii_hall_statues_u,
          corexii_hall_statues_x, gauntlet_entry_generic,
          nicolae_gozag_cash_rules_everything_around_me
D:15:     gammafunk_depths_entry_grave, layout_basic, hex_intersection,
          okawaru_ov_weapons_minmay, uniq_jorgrun, uniq_nessos
Temple:   dshaligram_water_room_temple
Lair:1:   layout_regular_city, beast_lair_carwin_11
Lair:2:   layout_long_grid, enter_volcano_1
Lair:3:   layout_regular_city, swamp_mist, hellmonk_spider_entry_life_and_decay,
          serial_bayou_shore_a
Lair:4:   layout_hall_layers, lemuel_fruit_fields, grunt_megastairs_5
Lair:5:   cheibrodos_lair_end_hotspot, layout_regular_city,
          nicolae_slime_entry_slimehenge, ebering_ghost_xom
Swamp:1:  layout_basic_swamp, infiniplex_staircase_pool, swamp_pool1,
          st_swamp_ruins_1
Swamp:2:  layout_falls_marsh, serial_swamp_ruin, evilmike_swamp_ruin_house_2,
          evilmike_swamp_ruin_rubble_1, evilmike_swamp_ruin_house_3,
          swamp_pool1, nicolae_swamp_snake_nest
Swamp:3:  layout_basic_swamp, evilmike_swamp_ruin_house_6, swamp_pool4,
          nzn_swamp_dancing_lights, uniq_mara
Swamp:4:  swamp_basic_johnstein, layout_basic_swamp, uniq_aizul
Spider:1: layout_spider_delve, hellmonk_test_site,
          hangedman_spider_tarantella_strand, uniq_nikola
Spider:2: layout_spider_delve
Spider:3: layout_spider_delve, nicolae_spider_stair_cavern
Spider:4: spider_rune_water, gammafunk_ghost_cemetery,
          nicolae_spider_scorpion_nest
Orc:1:    layout_caves, uniq_maurice
Orc:2:    st_orc_elflike, layout_caves, serial_shops, nicolae_shop_behind_doors,
          special_room, ebering_ghost_disaster_area,
          portal_ice_cave_entry_animals_and_master, minmay_orc_barracks

Skill      XL: |  1  2  3  4  5  6  7  8  9 10 11 12 13 14 15 16 17 18 |
---------------+-------------------------------------------------------+-----
Stealth        | 2 3 4 5 6 8 10 11 13 15 16 17 19 20 21 22 | 22.2
Dodging        | 3 4 5 6 7 8 10 11 13 14 15 16 17 18 19 | 19.2
Fighting       | 2 3 4 5 6 7 8 9 10 11 12 | 12.8
Ranged Weapons | 5 6 7 8 10 11 13 14 16 17 | 17.1
Evocations     | 1 8 9 12 | 12.0
Invocations    | 6 11 12 | 12.0
Translocations | 5 10 12 | 12.0
Spellcasting   | 6 12 | 12.0

Action                   |  1- 3 |  4- 6 |  7- 9 | 10-12 | 13-15 | 16-18 || total
-------------------------+-------+-------+-------+-------+-------+-------++-------
Melee: Shortbow          |       |       |       |       |       |     6 ||     6
       Arbalest          |       |       |       |       |       |     2 ||     2
 Fire: Shortbow          |    91 |   160 |   544 |   757 |  1719 |  1870 ||  5141
       Arbalest          |       |       |       |   152 |   273 |   590 ||  1015
 Cast: Dispersal         |       |       |       |       |       |     1 ||     1
       Passage of Golubr |       |       |       |       |       |     1 ||     1
Invok: Heroism           |       |       |       |       |       |     1 ||     1
 Abil: Evoke Blink       |       |       |       |       |     1 |     8 ||     9
Evoke: Wand              |       |       |       |     2 |       |       ||     2
  Use: Scroll            |     4 |       |     3 |     6 |    14 |    11 ||    38
       Potion            |       |     1 |       |     5 |       |     6 ||    12
Armor: Robe              |     3 |     3 |     8 |    18 |    37 |   111 ||   180
Dodge: Dodged            |    24 |    53 |   208 |   420 |   785 |  2301 ||  3791

Table legend: (Time is in decaauts)
 A = Elapsed time spent in this place.
 B = Non-inter-level travel time spent in this place.
 C = Inter-level travel time spent in this place.
 D = Time resting spent in this place.
 E = Time spent auto-exploring this place.
 F = Levels seen in this place.
 G = Mean time per level.
                   A        B        C        D        E       F      G
               +--------+--------+--------+--------+--------+-----+--------+
         Total |  25251 |  23782 |   1469 |    914 |  13645 |  34 |  742.7 |
       Dungeon |  10261 |   9532 |    729 |    225 |   5644 |  15 |  684.1 |
        Temple |     53 |     42 |     11 |      0 |     31 |   1 |   53.0 |
          Lair |   4414 |   3998 |    416 |    114 |   2637 |   5 |  882.8 |
         Swamp |   2829 |   2772 |     57 |    182 |   1643 |   4 |  707.2 |
   Spider Nest |   5293 |   5088 |    205 |    393 |   2703 |   4 | 1323.2 |
  Orcish Mines |   1337 |   1289 |     48 |      0 |    567 |   2 |  668.5 |
        Bailey |    291 |    291 |      0 |      0 |     76 |   1 |  291.0 |
      Ice Cave |    520 |    520 |      0 |      0 |    226 |   1 |  520.0 |
      Gauntlet |    249 |    249 |      0 |      0 |    115 |   1 |  249.0 |
               +--------+--------+--------+--------+--------+-----+--------+

Top non-repeatable levels by time:
Spider:4: 1992 daAuts
Spider:3: 1500 daAuts
  Lair:5: 1483 daAuts
     D:7: 1361 daAuts
 Swamp:3: 1130 daAuts
  Lair:3: 974 daAuts
     D:9: 963 daAuts
Spider:2: 951 daAuts
   Orc:2: 937 daAuts
     D:5: 896 daAuts
    D:13: 891 daAuts
Spider:1: 848 daAuts
    D:12: 777 daAuts
  Lair:4: 751 daAuts
  Lair:2: 693 daAuts
